 Dungeon Sprint DCSS version 0.26-a0-652-gafc20e3620 (webtiles) character file.

Game seed: 1930141074656195890

603 Conn the Thrower (level 7, -1/61 HPs)
             Began as a Yellow Draconian Hunter on Oct 2, 2020.
             Was an Initiate of Kikubaaqudgha.
             Succumbed to Sonja's poison
             ... in the Dungeon (Sprint I: "Red Sonja").
             The game lasted 00:07:57 (520 turns).

Conn the Thrower (Yellow Draconian Hunter)           Turns: 520, Time: 00:07:58

Health: -1/61      AC:  6    Str: 16    XL:     7   Next: 18%
Magic:  7/7        EV: 13    Int: 12    God:    Kikubaaqudgha [......]
Gold:   431        SH:  0    Dex: 11    Spells: 6/6 levels left

rFire    . . .     SeeInvis .   c - +4 dagger (pain)
rCold    . . .     Faith    .   (no shield)
rNeg     . . .     Spirit   .   (armour unavailable)
rPois    .         Reflect  .   (helmet restricted)
rElec    .         Harm     .   (no cloak)
rCorr    +         Rampage  .   (no gloves)
MR       .....     NoTele   +   (no boots)
Stlth    +++.......             (no amulet)
HPRegen  0.20/turn              (no ring)
MPRegen  0.10/turn              (no ring)

@: lethally poisoned (-1 -> -38), slowed, very slow
A: spit acid, unfitting armour, cold-blooded, acid resistance, AC +6
a: Breathe Acid, Renounce Religion


You were in the Dungeon.
You worshipped Kikubaaqudgha.
Kikubaaqudgha was noncommittal.
You visited 1 branch You collected 431 gold pieces.

Inventory:

Hand Weapons
 c - a +4 dagger of pain (weapon)
Potions
 g - 2 potions of magic


   Skills:
 + Level 5.4 Fighting
 + Level 5.8 Short Blades
 + Level 11.1 Throwing
 + Level 3.5 Dodging
 + Level 6.4 Stealth


You had 6 spell levels left.
You didn't know any spells.
Your spell library was empty.

Dungeon Overview and Level Annotations

Branches:
Dungeon (1/1)

Altars:
Cheibriados
Dithmenos
Elyvilon
Fedhas
Gozag
Hepliaklqana
Kikubaaqudgha
Makhleb
Nemelex Xobeh
Okawaru
Qazlal
Ru
Sif Muna
Trog
Uskayaw
Vehumet
Wu Jian
Xom
Yredelemnul
Zin
The Shining One
Jiyva
Lugonu

Shops:
D (

Annotations:
D Sonja


Innate Abilities, Weirdness & Mutations

You can spit globs of acid.
Your golden yellow scales are hard. (AC +6)
You cannot fit into any form of body armour.
You are cold-blooded and may be slowed by cold attacks.
You are resistant to acid. (rCorr)


Message History

You are more poisoned.
Sonja hits you with a +0 short sword of venom.
* * * LOW HITPOINT WARNING * * *
You are more poisoned.
Sonja hits you with a +0 short sword of venom.
* * * LOW HITPOINT WARNING * * *
You are more poisoned.
Sonja bows elegantly.
Sonja mumbles some strange words.
Sonja blinks!
Okay, then.
Press: ? - help, Shift-Dir - straight line, p - Sonja Out of range.
Okay, then.
Unknown command.
Press < or > to pray at altars.
Unknown command.
Press < or > to pray at altars.
You die...
Kikubaaqudgha rasps: "You have failed me!
Welcome... death!"

######################
#<.#.)'..#.)'..#__#..+
#..'.)#..'..#..'..'..#
#..#####'#####'#__####
#..####..#...#(####
#..#__####.(##.#
#.[#_____##'#_.+
#⌠⌠#_§∩..÷'(.._#
####_@.__##K.#'#
#_____###'#.# #######
.### .$ ((# .## +#


There were no monsters in sight!

Vanquished Creatures
  A slime creature (D)
  Sigmund (D)
  A yak (D)
  An ogre (D)
  A jelly (D)
  Ijyb (D)
6 creatures vanquished.

Notes
Turn   | Place    | Note
-------+----------+-------------------------------------------
     0 | D        | Conn the Draconian Hunter began the quest for the Orb.
     0 | D        | Reached XP level 1. HP: 17/17 MP: 1/1
     1 | D        | Noticed Ijyb
    27 | D        | Killed Ijyb
    27 | D        | Reached skill level 1 in Short Blades
    27 | D        | Reached skill level 5 in Throwing
    27 | D        | Reached XP level 2. HP: 25/25 MP: 2/2
    67 | D        | Noticed an ogre
    78 | D        | Killed an ogre
    78 | D        | Reached skill level 7 in Throwing
    78 | D        | Reached XP level 3. HP: 25/31 MP: 3/3
    78 | D        | Reached XP level 4. HP: 30/38 MP: 4/4
   153 | D        | Noticed Sigmund
   168 | D        | Killed Sigmund
   168 | D        | Reached skill level 9 in Throwing
   168 | D        | Reached XP level 5. HP: 47/47 MP: 5/5
   180 | D        | Found an ornate altar of the Wu Jian Council.
   180 | D        | Found a shimmering blue altar of Sif Muna.
   182 | D        | Found a radiant altar of Vehumet.
   186 | D        | Reached XP level 6. HP: 53/53 MP: 6/6
   219 | D        | Found Usuylued's Weapon Emporium.
   219 | D        | Found an ancient bone altar of Kikubaaqudgha.
   219 | D        | Found a hazy altar of Hepliaklqana.
   219 | D        | Found a stormy altar of Qazlal.
   219 | D        | Found a hide-covered altar of Uskayaw.
   219 | D        | Found a blossoming altar of Fedhas.
   219 | D        | Found a bloodstained altar of Trog.
   219 | D        | Found an iron altar of Okawaru.
   219 | D        | Found a basalt altar of Yredelemnul.
   219 | D        | Found a glowing golden altar of the Shining One.
   219 | D        | Found a snail-covered altar of Cheibriados.
   219 | D        | Found a sacrificial altar of Ru.
   219 | D        | Found a glowing silver altar of Zin.
   219 | D        | Found a shadowy altar of Dithmenos.
   219 | D        | Found a white marble altar of Elyvilon.
   219 | D        | Noticed a yak
   220 | D        | Found an opulent altar of Gozag.
   227 | D        | Killed a yak
   227 | D        | Reached skill level 5 in Short Blades
   227 | D        | Reached skill level 10 in Throwing
   227 | D        | Reached skill level 5 in Stealth
   228 | D        | Found a sparkling altar of Nemelex Xobeh.
   239 | D        | Became a worshipper of Kikubaaqudgha
   310 | D        | Found a burning altar of Makhleb.
   310 | D        | Found a viscous altar of Jiyva.
   310 | D        | Found a shimmering altar of Xom.
   310 | D        | Found a corrupted altar of Lugonu.
   310 | D        | Noticed a slime creature
   322 | D        | Killed a slime creature
   322 | D        | Reached skill level 5 in Fighting
   322 | D        | Reached skill level 11 in Throwing
   322 | D        | Your scales start taking on a golden yellow colour.
   322 | D        | Reached XP level 7. HP: 35/61 MP: 7/7
   322 | D        | Gained mutation: You are resistant to acid. (rCorr) [Yellow
                  | Draconian growth]
   509 | D        | Noticed Sonja
   520 | D        | Succumbed to Sonja's poison

Illustrated notes

Levels and vault maps discovered:
D:        dungeon_sprint_1 [red_sonja_temple_1, red_sonja_temple_small_1]

Skill      XL: |  1  2  3  4  5  6 |
---------------+-------------------+-----
Short Blades   | 1 2 4 5 |  5.8
Throwing       | 5 7 9 11 | 11.1
Dodging        | 2 3 |  3.5
Stealth        | 2 3 4 6 |  6.4
Fighting       | 3 4 5 |  5.4

Action                   |  1- 3 |  4- 6 |  7- 9 || total
-------------------------+-------+-------+-------++-------
Melee: Short sword       |    14 |       |       ||    14
       Tailslap          |     1 |     5 |       ||     6
       Dagger            |     8 |    31 |     2 ||    41
Throw: Throwing net      |     2 |       |       ||     2
       Javelin           |     2 |       |     6 ||     8
  Use: Potion            |     2 |     1 |     1 ||     4
       Scroll            |       |       |     1 ||     1
 Stab: Held in net/web   |     4 |       |       ||     4
       Sleeping          |       |     3 |       ||     3
Armor: Skin              |       |     1 |     1 ||     2
Dodge: Dodged            |     7 |     9 |     5 ||    21

Table legend: (Time is in decaauts)
 A = Elapsed time spent in this place.
 B = Non-inter-level travel time spent in this place.
 C = Inter-level travel time spent in this place.
 D = Time resting spent in this place.
 E = Time spent auto-exploring this place.
 F = Levels seen in this place.
 G = Mean time per level.
                   A        B        C        D        E       F      G
               +--------+--------+--------+--------+--------+-----+--------+
         Total |    510 |    510 |      0 |    247 |      0 |   1 |  510.0 |
       Dungeon |    510 |    510 |      0 |    247 |      0 |   1 |  510.0 |
               +--------+--------+--------+--------+--------+-----+--------+

Top non-repeatable levels by time:
       D: 510 daAuts
